 Dungeon Crawl Stone Soup version 0.29.1-15-g9cfb28693d (webtiles) character file.

Game seed: 15384175206096104407

18 bnorton916 the Firebug (level 2, -1/15 HPs)
             Began as a Deep Elf Fire Elementalist on Feb 27, 2023.
             Slain by a hobgoblin
             ... wielding a +0 club
              (2 damage)
             ... on level 2 of the Dungeon.
             The game lasted 00:01:09 (1853 turns).

bnorton916 the Firebug (Deep Elf Fire Elementalist) Turns: 1853, Time: 00:01:10

Health: -1/15      AC:  2    Str:  5    XL:     2   Next: 48%
Magic:  4/8        EV: 12    Int: 19    God:
Gold:   102        SH:  0    Dex: 15    Spells: 7/8 levels left

rFire   . . .      SeeInvis .   (no weapon)
rCold   . . .      Faith    .   (no shield)
rNeg    . . .      Spirit   .   a - +0 robe
rPois   .          Reflect  .   (no helmet)
rElec   .          Harm     .   (no cloak)
rCorr   .          Rampage  .   (no gloves)
Will    .....                   (no boots)
Stlth   ++........              (no amulet)
HPRegen 0.05/turn               (no ring)
MPRegen 0.11/turn               (no ring)

@: no status effects
A: no striking features
a: no special abilities


You were on level 2 of the Dungeon.
You visited 1 branch of the dungeon, and saw 2 of its levels.

You collected 102 gold pieces.

Inventory:

Missiles
 e - 4 poisoned darts
Armour
 a - a +0 robe (worn)
Scrolls
 c - a scroll of noise {unknown}
 d - 3 scrolls of identify {unknown}
 i - a scroll of vulnerability {unknown}
 j - a scroll of enchant weapon {unknown}
Potions
 b - a potion of magic
 f - 2 potions of lignification {unknown}
 g - a potion of attraction {unknown}
 h - a potion of mutation {unknown}
 k - a potion of curing {unknown}


   Skills:
 - Level 2.4 Dodging
 - Level 2.4 Stealth
 + Level 3.5 Spellcasting
 + Level 1.7 Conjurations
 + Level 3.6 Fire Magic


You had 7 spell levels left.
You knew the following spells:

 Your Spells              Type           Power      Damage    Failure   Level
a - Foxfire               Conj/Fire      52%        2x1d6     4%          1

Your spell library contained the following spells:

 Spells                   Type           Power      Damage    Failure   Level
 Scorch                   Fire           34%        2d7       4%          2
 Conjure Flame            Conj/Fire      13%        6-21      14%         3
 Inner Flame              Hex/Fire       10%        N/A       21%         3
 Flame Wave               Conj/Fire      13%        2d6       43%         4


Dungeon Overview and Level Annotations

Branches:
Dungeon (2/15)

Altars:


Message History

The hobgoblin is engulfed in a cloud of scalding steam.
You kill the hobgoblin!
Unknown command.
Your foxfire dissipates!
A hobgoblin comes into view. It is wielding a +0 club.
Casting: Foxfire (safe; 4% risk of failure)
Confirm with . or Enter, or press ? or * to list all spells.
You conjure some foxfire!
The hobgoblin shouts!
The hobgoblin drinks a potion.
The hobgoblin seems to speed up.
The foxfire hits the hobgoblin but does no damage. x2
Casting: Foxfire (safe; 4% risk of failure)
Confirm with . or Enter, or press ? or * to list all spells.
You conjure some foxfire!
The foxfire hits the hobgoblin.
The hobgoblin is lightly wounded.
The foxfire hits the hobgoblin.
The hobgoblin is severely wounded.
Casting: Foxfire (safe; 4% risk of failure)
Confirm with . or Enter, or press ? or * to list all spells.
You conjure some foxfire!
The hobgoblin hits you with a +0 club. x2
The foxfire hits the hobgoblin but does no damage.
The hobgoblin is severely wounded.
The foxfire hits the hobgoblin but does no damage.
The hobgoblin is severely wounded.
The hobgoblin closely misses you.
Unknown command.
Casting: Foxfire (safe; 4% risk of failure)
Confirm with . or Enter, or press ? or * to list all spells.
You conjure some foxfire!
The hobgoblin hits you with a +0 club. The hobgoblin closely misses you.
The foxfire hits the hobgoblin but does no damage.
The hobgoblin is severely wounded.
The foxfire hits the hobgoblin but does no damage.
The hobgoblin is severely wounded.
The hobgoblin hits you with a +0 club.
* * * LOW HITPOINT WARNING * * *
Casting: Foxfire (safe; 4% risk of failure)
Confirm with . or Enter, or press ? or * to list all spells.
You conjure some foxfire!
The hobgoblin hits you with a +0 club.
You die...

##+##.......###........##...
.............##........#####
.............##........#
.............##........#
......................######
............###.#.##........
.....##.#+#####...##...#####
........#.#.v.#........#
......#...g@#...#.##.#.#
###.##.###.#v##.#.##.#.# ..
#.⌠ ##§†.##...#.#.# #. ##.
##.####..#.#.# . .#
#.###.#..#...# #
⌠.###.⌠.#.##### #.###.#.#..#
#.###.####..# ⌠.###.♣.##.#.#
###


You could see a hobgoblin (fast, ally target).

Vanquished Creatures
  3 ball pythons (D:1)
  An endoplasm (D:1)
  2 hobgoblins
  3 bats (D:1)
  2 frilled lizards
  3 goblins
  A kobold (D:1)
  3 rats
18 creatures vanquished.

Vanquished Creatures (collateral kills)
  3 foxfires (D:1)
3 creatures vanquished.

Vanquished Creatures (others)
  94 foxfires
94 creatures vanquished.

Grand Total: 115 creatures vanquished

Notes
Turn   | Place    | Note
-------+----------+-------------------------------------------
     0 | D:1      | bnorton916 the Deep Elf Fire Elementalist began the quest
                  | for the Orb.
     0 | D:1      | Reached XP level 1. HP: 10/10 MP: 6/6
   680 | D:1      | Reached XP level 2. HP: 15/15 MP: 5/8
  1359 | D:1      | Found a faded altar of an unknown god.
  1853 | D:2      | Slain by a hobgoblin

Illustrated notes

Levels and vault maps discovered:
D:1:      matt_arrival_spirals, layout_basic, basic_ecumenical_altar,
          dreamdust_princess_bridge
D:2:      layout_basic, grunt_decor_mini_mirrors, hangedman_decor_lopped

Action                   || total
-------------------------++-------
 Cast: Foxfire           ||    57
Armor: Robe              ||     1
Dodge: Dodged            ||     8
